 Dungeon Crawl Stone Soup version 0.30-a0-782-ge64f9170bb (webtiles) character file.

Game seed: 8750670980261536013

56 sanka the Digger (level 3, -2/26 HPs)
             Began as a Demigod Earth Elementalist on Mar 1, 2023.
             Slain by an orc priest
             ... wielding a +0 flail
              (7 damage)
             ... on level 2 of the Dungeon.
             The game lasted 00:02:05 (2352 turns).

sanka the Digger (Demigod Earth Elementalist)       Turns: 2352, Time: 00:02:06

Health: -2/26      AC:  2    Str:  9    XL:     3   Next: 48%
Magic:  6/9        EV: 12    Int: 21    God:
Gold:   70         SH:  0    Dex: 14    Spells: 4/7 levels left

rFire   . . .      SeeInvis .    i - +2 dagger (venom)
rCold   . . .      Faith    .    (no shield)
rNeg    . . .      Spirit   .    a - +0 robe
rPois   .          Reflect  .    (no helmet)
rElec   .          Harm     .    (no cloak)
rCorr   .          Rampage  .    (no gloves)
Will    .....                    (no boots)
Stlth   ++                       (no amulet)
HPRegen 0.24/turn                (no ring)
MPRegen 0.11/turn                (no ring)

@: no status effects
A: high MP 1, forlorn, divine attributes
a: no special abilities


You were on level 2 of the Dungeon.
You visited 1 branch of the dungeon, and saw 3 of its levels.

You collected 70 gold pieces.


Innate Abilities, Weirdness & Mutations

You have an increased reservoir of magic. (+10% MP)
You shall have no god before yourself.
Your divine heritage dramatically boosts your attributes as you level up.


   Skills:
 - Level 1.7 Dodging
 - Level 1.7 Stealth
 + Level 2.7 Spellcasting
 - Level 0.8 Transmutations
 + Level 3.5 Earth Magic


You had 4 spell levels left.
You knew the following spells:

 Your Spells              Type           Power      Damage    Failure   Level
z - Sandblast             Erth           34%        2d9       3%          1
N - Passwall              Tmut/Erth      10%        N/A       9%          2

Your spell library contained the following spells:

 Spells                   Type           Power      Damage    Failure   Level
 Stone Arrow              Conj/Erth      20%        3d8       21%         3
 Petrify                  Tmut/Erth      12%        N/A       50%         4

Inventory:

Hand Weapons
 i - a +2 dagger of venom (weapon)
Armour
 a - a +0 robe (worn)
Jewellery
 c - a ring of ice
Scrolls
 h - 3 scrolls of enchant armour {unknown}
 j - a scroll of teleportation {unknown}
Potions
 b - 2 potions of magic
 d - 4 potions of curing {unknown}
 e - a potion of flight {unknown}
 f - a potion of ambrosia {unknown}
 g - a potion of invisibility {unknown}
 k - a potion of berserk rage {unknown}
 l - 2 potions of heal wounds {unknown}

Dungeon Overview and Level Annotations

Branches:
Dungeon (3/15)

Shops:
D:2

* ▒▒▒▒▒▒▒▒ ▒
▒......▒▒▒▒▒▒▒▒▒▒▒▒▒
▒.o...............▒▒
▒..p..............▒▒
▒..)..............▒▒
▒.................▒▒
▒..........▒▒▒▒▒▒...
▒▒▒.▒▒............▒▒
▒...†...▒▒▒▒▒▒..▒
▒.▒.†...▒▒▒▒▒▒..▒
▒...............▒▒
▒▒▒..▒▒▒▒▒▒▒▒▒....


You could see an orc priest.


Message History

The orc hits you with a +0 flail.
* * * LOW HITPOINT WARNING * * *
You climb upwards.
There is a stone staircase leading down here.
Unknown command.
The blast of sand hits the orc!!
You kill the orc!
You can't see any susceptible monsters within range! (Use Z to cast anyway.)
You start resting.
Magic restored.
HP restored.
You climb downwards.
There is a stone staircase leading up, spattered with blood here.
Unknown command.
The orc priest hits you with a +0 flail!
You climb upwards.
There is a stone staircase leading down here.
Unknown command.
The blast of sand hits the orc priest but does no damage.
The orc priest barely misses you.
The orc priest hits you with a +0 flail.
The blast of sand hits the orc priest but does no damage.
The orc priest barely misses you.
The blast of sand hits the orc priest.
The orc priest is moderately wounded.
The orc priest invokes the aid of Beogh against you.
Beogh smites you!
* * * LOW HITPOINT WARNING * * *
The orc priest hits you with a +0 flail!
You die...

Action                     || total
---------------------------++-------
   Cast: Sandblast         ||    56
 Armour: Robe              ||     1
  Dodge: Dodged            ||    21

Levels and vault maps discovered:
D:1:      wander_arrival_lonely_grave, layout_basic,
          shapermc_ecumenical_altar_gd, minmay_crystal_room
D:2:      layout_basic, basic_altar, serial_shops, nicolae_lakefront_shop
D:3:      cheibrodos_old_hovel, layout_loops_ring, pf_just_have_faith,
          mainiacjoe_overflow_catwalk, uniq_robin

Notes
Turn   | Place    | Note
-------+----------+-------------------------------------------
     0 | D:1      | sanka the Demigod Earth Elementalist began the quest for
                  | the Orb.
     0 | D:1      | Reached XP level 1. HP: 14/14 MP: 5/5
    87 | D:1      | Reached skill level 2 in Spellcasting
    90 | D:1      | Reached skill level 3 in Earth Magic
   281 | D:1      | Reached XP level 2. HP: 20/20 MP: 5/7
   302 | D:1      | Learned a level 2 spell: Passwall
  1659 | D:2      | Reached XP level 3. HP: 26/26 MP: 7/9
  2118 | D:2      | Found Kiorr's Assorted Antiques.
  2352 | D:2      | Slain by an orc priest

Vanquished Creatures
  An adder (D:2)
  2 orcs
  3 ball pythons (D:2)
  4 bats
  3 endoplasms (D:1)
  5 giant cockroaches
  4 goblins
  4 hobgoblins
  2 kobolds (D:1)
  3 quokkas
  3 frilled lizards
  5 rats (D:1)
39 creatures vanquished.

Vanquished Creatures (others)
  2 fungi (D:1)
  A plant (D:1)
3 creatures vanquished.

Grand Total: 42 creatures vanquished
